cohdb
Replays
Latest Replays
All Replays
Popular Replays
Top Player Replays
Match Explorer
How It Works
Community
CoH3 Stats
Reddit
Sign in to upload your games and track your stats! →
Sign in with Steam
Match 20313142
Unlisted
Match 20313142
Overview
Messages
Build Orders
End
Construct Section Command Post
Vickers Machine Gun Team
Royal Engineer Section
Infantry Section
Infantry Section
Construct Platoon Command Post
Infantry Training
Construct Field Infirmary
Construct Field Infirmary
Frost
Walther
➌λλλ ➌λλλ ➌λλλ
MAZA_(Rus)
0
0
Comments
sign in to comment!
No comments posted yet!